 Dungeon Crawl Stone Soup version 0.30-a0-116-g3b1a8e4ee4 (webtiles) character file.

Game seed: 14786844931502951570

10104 jlumianski the Cleaver (level 11, -3/81 HPs)
             Began as a Demonspawn Gladiator on Sept 13, 2022.
             Was an Elder of Qazlal.
             Slain by Snorg (4 damage)
             ... on level 11 of the Dungeon.
             The game lasted 00:40:42 (11558 turns).

jlumianski the Cleaver (Demonspawn Gladiator)      Turns: 11558, Time: 00:40:42

Health: -3/81      AC: 20    Str: 24    XL:     11   Next: 31%
Magic:  17/17      EV:  8    Int: 10    God:    Qazlal [****..]
Gold:   728        SH:  5    Dex: 15    Spells: 10/10 levels left

rFire   . . .      SeeInvis .    a - +1 war axe (freeze)
rCold   . . .      Faith    .    (no shield)
rNeg    . . .      Spirit   .    Y - +0 plate armour
rPois   +          Reflect  .    (helmet restricted)
rElec   .          Harm     .    M - +0 cloak
rCorr   .          Rampage  .    f - +2 pair of gloves
Will    .....                    v - +1 pair of boots
Stlth   ..........               (no amulet)
HPRegen 0.23/turn                r - +6 ring of strength
MPRegen 0.15/turn                J - ring of poison resistance

@: repel missiles
A: horns 1, ignite blood 2, weakness stinger 2, demonic touch 1
a: Renounce Religion, Upheaval, Elemental Force


You were on level 11 of the Dungeon.
You worshipped Qazlal.
Qazlal was greatly pleased with you.
You visited 2 branches of the dungeon, and saw 12 of its levels.

You collected 736 gold pieces.
You spent 8 gold pieces at shops.

Inventory:

Hand Weapons
 a - a +1 war axe of freezing (weapon)
 g - a +1 hand axe of flaming
 U - the +6 quarterstaff of Wasemue {vorpal, rElec}
   (You took it off an orc on level 8 of the Dungeon)

   It inflicts extra damage upon your enemies.
   rElec:     It insulates you from electricity.
Missiles
 c - 3 curare-tipped darts
 d - 5 throwing nets
 e - a javelin
 j - 3 silver boomerangs
 m - 17 poisoned darts (quivered)
 t - 6 atropa-tipped darts
 R - 11 boomerangs
 V - 2 boomerangs of dispersal
Armour
 f - a +2 pair of gloves (worn)
 v - a +1 pair of boots (worn)
 M - a +0 cloak (worn)
 Y - a +0 plate armour (worn)
Jewellery
 b - the ring of Syndicalism {*Slow Fly MP+9 SInv}
   (You found it on level 10 of the Dungeon)

   [ring of flight]

   MP:        It affects your magic capacity (+9).
   SInv:      It lets you see invisible.
   Fly:       It grants you flight.
   *Slow:     It may slow you when you take damage.
 p - a ring of ice
 r - a +6 ring of strength (left hand)
 x - a ring of ice
 J - a ring of poison resistance (right hand)
Wands
 G - a wand of flame (44)
 I - a wand of roots (11)
 O - a wand of paralysis (13)
 S - a wand of mindburst (12)
 Z - a wand of acid (6)
Scrolls
 i - 3 scrolls of butterflies
 k - 4 scrolls of teleportation
 o - a scroll of torment {unknown}
 B - a scroll of fear
 C - 3 scrolls of summoning
 D - a scroll of blinking
 T - a scroll of enchant weapon
Potions
 h - 5 potions of curing
 l - a potion of invisibility
 n - a potion of ambrosia
 q - a potion of magic
 s - 3 potions of heal wounds
 u - 2 potions of flight
 w - 2 potions of haste
 z - a potion of cancellation
 F - a potion of might
 Q - 2 potions of attraction
 W - a potion of resistance {unknown}


   Skills:
 + Level 6.1 Fighting
 + Level 9.9 Axes
 + Level 2.6 Throwing
 + Level 7.1 Armour
 + Level 3.6 Dodging
 - Level 0.8 Stealth
 + Level 3.2 Shields
 * Level 8.6 Invocations
 * Level 6.6 Evocations


You had 10 spell levels left.
You didn't know any spells.
Your spell library contained the following spells:

 Spells                   Type           Power      Damage    Failure   Level
 Foxfire                  Conj/Fire      0%         2x1d4     99%         1
 Freeze                   Ice            0%         1d3       99%         1
 Necrotise                Necr           0%         1d4       99%         1
 Sandblast                Erth           0%         2d4       99%         1
 Sting                    Tmut/Pois      0%         1d3       99%         1
 Summon Small Mammal      Summ           0%         N/A       99%         1
 Blink                    Tloc           0%         N/A       100%        2
 Passwall                 Tmut/Erth      0%         N/A       100%        2
 Poisonous Vapours        Pois/Air       0%         N/A       100%        2
 Call Canine Familiar     Summ           0%         N/A       100%        3
 Dazzling Flash           Conj/Hex       0%         N/A       100%        3
 Frozen Ramparts          Ice            0%         1d1       100%        3
 Ignite Poison            Fire/Tmut/Pois 0%         N/A       100%        3
 Inner Flame              Hex/Fire       0%         N/A       100%        3
 Lesser Beckoning         Tloc           0%         N/A       100%        3
 Mephitic Cloud           Conj/Pois/Air  0%         N/A       100%        3
 Portal Projectile        Hex/Tloc       0%         N/A       100%        3
 Stone Arrow              Conj/Erth      0%         3d7       100%        3
 Summon Guardian Golem    Hex/Summ       0%         N/A       100%        3
 Vampiric Draining        Necr           0%         2d6       100%        3
 Cause Fear               Hex            0%         N/A       100%        4
 Hailstorm                Conj/Ice       0%         3d3       100%        4
 Iskenderun's Mystic Bla  Conj/Tloc      0%         2d3       100%        4
 Leda's Liquefaction      Hex/Erth       0%         N/A       100%        4
 Manifold Assault         Tloc           0%         N/A       100%        4
 Olgreb's Toxic Radiance  Pois           0%         N/A       100%        4
 Summon Lightning Spire   Summ/Air       0%         N/A       100%        4
 Agony                    Necr           0%         N/A       100%        5
 Freezing Cloud           Conj/Ice/Air   0%         6-21      100%        5
 Starburst                Conj/Fire      0%         6d3       100%        6
 Malign Gateway           Summ/Tloc      0%         N/A       100%        7
 Storm Form               Tmut/Air       0%         N/A       100%        7
 Discord                  Hex            0%         N/A       100%        8
 Disjunction              Tloc           0%         N/A       100%        8
 Maxwell's Capacitive Co  Air            0%         ∞         100%        8


Dungeon Overview and Level Annotations

Branches:
Dungeon (11/15)            Temple (1/1) D:4            Lair (0/5) D:10
    Orc (0/2) D:11

Altars:
Ashenzari
Cheibriados
Dithmenos
Fedhas
Gozag
Hepliaklqana
Kikubaaqudgha
Makhleb
Nemelex Xobeh
Okawaru
Qazlal
Ru
Sif Muna
Trog
Uskayaw
Vehumet
Wu Jian
Xom
Yredelemnul
Jiyva

Shops:
D:9 (   D:10 *

Annotations:
D:11 Snorg


Innate Abilities, Weirdness & Mutations

You have a pair of small horns on your head.
Your demonic aura often causes spilled blood to erupt in flames.
You have a tail ending in a sharp stinger.
Your touch may inflict minor irresistible damage on your foes.


Message History

Snorg is moderately wounded.
Throw: 19 darts (poison)
Press: ? - help, Q - select action, (/) - cycle Shift-Dir - straight line, f/p - Snorg
Aim: Snorg (moderately wounded, very poisoned, 63% to hit)
You throw a poisoned dart. The poisoned dart hits Snorg.
Snorg looks even sicker.
Snorg is moderately wounded.
Throw: 18 darts (poison)
Press: ? - help, Q - select action, (/) - cycle Shift-Dir - straight line, f/p - Snorg
Aim: Snorg (moderately wounded, very poisoned, 63% to hit)
You throw a poisoned dart. The poisoned dart hits Snorg!
Snorg looks as sick as possible!
Snorg is moderately wounded.
You barely miss Snorg.
You touch Snorg!
Snorg is heavily wounded.
Snorg goes berserk!
You barely miss Snorg. Your touch misses Snorg.
Snorg is heavily wounded.
Snorg barely misses you. Snorg claws you! You block Snorg's attack.
Snorg completely misses you. Snorg claws you. You block Snorg's attack.
You hit Snorg. You freeze Snorg. You headbutt Snorg, but do no damage.
You touch Snorg!
Snorg is severely wounded.
Snorg bites you! Snorg completely misses you. You block Snorg's attack.
You barely miss Snorg. You headbutt Snorg. You tail-slap Snorg.
You touch Snorg.
Snorg is severely wounded.
Snorg barely misses you. Snorg closely misses you. Snorg claws you!
Snorg bites you but does no damage. Snorg barely misses you. Snorg claws you!
You hit Snorg. You freeze Snorg. You punch Snorg.
Snorg is almost dead.
Snorg bites you.
* * * LOW HITPOINT WARNING * * *
Snorg claws you but does no damage. x2
You barely miss Snorg. Your touch misses Snorg.
Snorg is almost dead.
Snorg bites you!!
* * * LOW HITPOINT WARNING * * *
Snorg claws you but does no damage. Snorg claws you.
You die...

#.#########....#
#..............#
#.........#######
#..#..#.'.....#
........########
................
#..##○..........
.#..##§§..((.##..
......§@T(....(.
.....§☼.########
.#....#.#
........#
.........
.##...#..
........
......... ..##
#####


You could see Snorg (berserk, very poisoned).

Vanquished Creatures
  Fannar (D:11)
  A centaur warrior (D:10)
  A two-headed ogre (D:10)
  The ghost of QueenGhuleh the Poker, a novice MiBe of Trog (D:7)
  Pikel (D:5)
  Joseph (D:8)
  A gargoyle (D:11)
  A troll (D:7)
  A slime creature (D:7)
  A shadow (D:10)
  A wyvern (D:10)
  10 yaks
  Eustachio (D:5)
  Grum (D:10)
  Edmund (D:5)
  2 water moccasins (D:6)
  An orc warrior (D:9)
  4 ice beasts
  2 black bears
  4 centaurs
  3 wolves (D:10)
  2 ogres (D:7)
  3 phantoms
  2 kobold brigands
  4 bullfrogs
  A necrophage (D:8)
  Blork the orc (D:4)
  5 scorpions
  7 wights
  4 killer bees (D:8)
  7 howler monkeys
  3 hounds
  4 jellies
  An orc priest (D:7)
  A gnoll bouda (D:7)
  Ijyb (D:4)
  4 iguanas
  7 orc wizards
  7 adders
  13 gnolls
  A shadow imp (D:5)
  A white imp (D:8)
  An ufetubus (D:5)
  2 dart slugs
  42 orcs
  2 ball pythons
  5 endoplasms
  3 giant cockroaches
  14 goblins
  11 hobgoblins
  20 kobolds
  5 quokkas
  4 bats
  2 frilled lizards
  2 rats (D:1)
  A butterfly (D:10)
233 creatures vanquished.

Vanquished Creatures (others)
  2 plants
2 creatures vanquished.

Grand Total: 235 creatures vanquished

Notes
Turn   | Place    | Note
-------+----------+-------------------------------------------
     0 | D:1      | jlumianski the Demonspawn Gladiator began the quest for the
                  | Orb.
     0 | D:1      | Reached XP level 1. HP: 16/16 MP: 1/1
   134 | D:1      | Reached skill level 3 in Axes
   134 | D:1      | Gained mutation: Your demonic aura sometimes causes spilled
                  | blood to erupt in flames. [demonic ancestry]
   134 | D:1      | Reached XP level 2. HP: 22/22 MP: 2/2
  1070 | D:2      | Reached XP level 3. HP: 27/27 MP: 3/3
  1726 | D:2      | Found a faded altar of an unknown god.
  1898 | D:3      | Reached skill level 1 in Armour
  1898 | D:3      | Gained mutation: Your demonic aura often causes spilled
                  | blood to erupt in flames. [demonic ancestry]
  1898 | D:3      | Reached XP level 4. HP: 33/33 MP: 4/4
  1999 | D:4      | Found a staircase to the Ecumenical Temple.
  2006 | Temple   | Entered the Ecumenical Temple
  2025 | Temple   | Became a worshipper of Qazlal Stormbringer
  2353 | D:3      | Identified the +2 robe of Submission {rC+ rCorr Str-5}
  2568 | D:3      | Reached skill level 4 in Axes
  3087 | D:5      | Entered Level 5 of the Dungeon
  3173 | D:4      | Reached skill level 1 in Invocations
  3173 | D:4      | Discovered your monstrous ancestry.
  3173 | D:4      | Gained mutation: You have a small tail. [demonic ancestry]
  3173 | D:4      | Reached XP level 5. HP: 33/39 MP: 4/6
  3177 | D:4      | Noticed Edmund
  3180 | D:4      | Noticed a phantom
  3190 | D:5      | Killed Edmund
  3191 | D:5      | Reached skill level 1 in Evocations
  3191 | D:5      | Gained mutation: You have a pair of small horns on your
                  | head. [demonic ancestry]
  3191 | D:5      | Reached XP level 6. HP: 21/46 MP: 7/7
  3371 | D:5      | Noticed an ice beast
  3381 | D:5      | Killed an ice beast
  3382 | D:5      | Reached skill level 5 in Axes
  3493 | D:5      | Reached * piety under Qazlal
  3513 | D:5      | Reached XP level 7. HP: 39/51 MP: 7/9
  3618 | D:5      | Noticed Eustachio
  3660 | D:5      | Killed Eustachio
  3680 | D:5      | Found a shadowy altar of Dithmenos.
  4017 | D:4      | Noticed Ijyb
  4041 | D:4      | Killed Ijyb
  4129 | D:4      | Reached ** piety under Qazlal
  4489 | D:4      | Noticed Blork the orc
  4496 | D:4      | Killed Blork the orc
  4505 | D:4      | Reached skill level 6 in Axes
  4632 | D:5      | Reached XP level 8. HP: 51/58 MP: 10/10
  4906 | D:5      | Noticed Pikel
  4915 | D:5      | Killed Pikel
  4916 | D:5      | Reached skill level 7 in Axes
  5380 | D:7      | Reached skill level 5 in Invocations
  5725 | D:6      | Reached *** piety under Qazlal
  5750 | D:6      | Reached XP level 9. HP: 66/66 MP: 12/12
  6689 | D:7      | Noticed a troll
  6696 | D:7      | Killed a troll
  6700 | D:7      | Reached skill level 5 in Armour
  6702 | D:7      | Reached skill level 8 in Axes
  6730 | D:7      | Reached skill level 1 in Shields
  7429 | D:7      | Found a broken altar of Ashenzari.
  7519 | D:7      | Found an ornate altar of the Wu Jian Council.
  7571 | D:7      | Reached skill level 5 in Fighting
  7608 | D:7      | Reached **** piety under Qazlal
  7610 | D:7      | Gained mutation: Your touch may inflict minor irresistible
                  | damage on your foes. [demonic ancestry]
  7610 | D:7      | Reached XP level 10. HP: 59/74 MP: 15/15
  7825 | D:8      | Reached skill level 5 in Evocations
  8059 | D:8      | Identified the +6 quarterstaff of Wasemue {vorpal, rElec}
  8108 | D:8      | Found a runed translucent gate.
  8108 | D:8      | Found a runed translucent gate.
  8112 | D:8      | Noticed Joseph
  8127 | D:8      | Killed Joseph
  8252 | D:8      | Found a runed translucent gate.
  8253 | D:8      | Noticed QueenGhuleh's ghost (novice MiBe)
  8257 | D:8      | Found a viscous altar of Jiyva.
  8690 | D:8      | Reached skill level 9 in Axes
  8753 | D:7      | Killed QueenGhuleh's ghost
  9152 | D:9      | Got the Codex of the Heated Map
  9161 | D:9      | Found Zouriel's Weapon Shop.
  9168 | D:9      | Bought 2 poisoned darts for 8 gold pieces
  9914 | D:9      | Found an ancient bone altar of Kikubaaqudgha.
  9935 | D:10     | Entered Level 10 of the Dungeon
  9935 | D:10     | Found Xeara's General Store.
  9938 | D:10     | Found a staircase to the Lair.
 10025 | D:10     | Noticed a centaur warrior
 10032 | D:10     | Killed a centaur warrior
 10389 | D:10     | Noticed a two-headed ogre
 10399 | D:10     | Killed a two-headed ogre
 10400 | D:10     | Gained mutation: You have a tail ending in a sharp stinger.
                  | [demonic ancestry]
 10400 | D:10     | Reached XP level 11. HP: 41/81 MP: 17/17
 10631 | D:10     | Found a snail-covered altar of Cheibriados.
 10672 | D:10     | Noticed Grum
 10702 | D:10     | Killed Grum
 10836 | D:10     | Identified the ring of Syndicalism {*Slow Fly MP+9 SInv}
 11366 | D:11     | Noticed Fannar
 11373 | D:11     | Killed Fannar
 11533 | D:11     | Found a staircase to the Orcish Mines.
 11545 | D:11     | Noticed Snorg
 11558 | D:11     | HP: 1/81 [Snorg (22)]
 11558 | D:11     | Slain by Snorg

Illustrated notes

Levels and vault maps discovered:
D:1:      minmay_arrival_radiant_lines, layout_loops_cross, chequers_big_river
D:2:      layout_basic, shapermc_ecumenical_altar_acropolis,
          guppyfry_early_orc_mine
D:3:      layout_basic
D:4:      corexii_shantytown, layout_basic, minmay_temple_entry_junction,
          st_stairs_9, uniq_ijyb, uniq_blork_the_orc, uniq_edmund
D:5:      layout_cave_pods, grunt_dithmenos_shadows, hangedman_decor_push,
          uniq_pikel, uniq_eustachio
D:6:      layout_basic
D:7:      hangedman_cross_stitches, layout_gridville,
          mainiacjoe_overflow_big_doors, dreamdust_wishing_well
D:8:      nicolae_cairo_tiling_large, layout_basic, gammafunk_ghost_ooze,
          minmay_holes, uniq_joseph
D:9:      layout_cave_pods, gammafunk_temple_overflow_elements, serial_shops,
          shop
D:10:     layout_cave_pools, nicolae_elyvilon_peaceful_grove,
          mainiacjoe_overflow_24_doors, lair_entry_dummy, serial_shops, shop,
          library_closet, uniq_grum
D:11:     layout_stronghold, orc_0_dummy, uniq_fannar, uniq_snorg
Temple:   hellmonk_temple_two_chambers

Skill      XL: |  1  2  3  4  5  6  7  8  9 10 11 |
---------------+----------------------------------+-----
Axes           | 3 4 5 6 7 8 9 |  9.9
Dodging        | 3 |  3.6
Armour         | 1 2 3 4 5 6 7 |  7.1
Invocations    | 1 2 3 5 6 8 |  8.6
Throwing       | 2 |  2.6
Evocations     | 1 2 3 4 6 |  6.6
Fighting       | 3 4 5 6 |  6.1
Shields        | 1 2 3 |  3.2
Stealth        | |  0.8

Action                   |  1- 3 |  4- 6 |  7- 9 | 10-12 || total
-------------------------+-------+-------+-------+-------++-------
Melee: War axe           |    80 |    86 |   257 |   137 ||   560
       Punch             |     1 |     1 |     2 |     2 ||     6
       Tailslap          |       |     5 |    31 |    18 ||    54
       Headbutt          |       |     5 |    40 |    31 ||    76
       Touch             |       |       |       |    26 ||    26
Throw: Dart              |       |     3 |     6 |     5 ||    14
       Boomerang         |       |       |     7 |       ||     7
Evoke: Wand              |       |       |       |     1 ||     1
  Use: Scroll            |       |       |    16 |     2 ||    18
       Potion            |       |       |     7 |     1 ||     8
 Stab: Sleeping          |     1 |       |       |       ||     1
Armor: Leather armour    |     9 |       |       |       ||     9
       Chain mail        |    39 |    70 |   158 |    39 ||   306
       Plate armour      |       |       |       |    44 ||    44
Dodge: Dodged            |    32 |    57 |   115 |    57 ||   261
       Repelled          |       |       |       |     1 ||     1
Block: Other             |       |     2 |    35 |    54 ||    91

Table legend: (Time is in decaauts)
 A = Elapsed time spent in this place.
 B = Non-inter-level travel time spent in this place.
 C = Inter-level travel time spent in this place.
 D = Time resting spent in this place.
 E = Time spent auto-exploring this place.
 F = Levels seen in this place.
 G = Mean time per level.
                   A        B        C        D        E       F      G
               +--------+--------+--------+--------+--------+-----+--------+
         Total |  11684 |  11443 |    241 |   1037 |   7028 |  12 |  973.7 |
       Dungeon |  11474 |  11233 |    241 |    858 |   7028 |  11 | 1043.1 |
        Temple |    209 |    209 |      0 |    179 |      0 |   1 |  209.0 |
               +--------+--------+--------+--------+--------+-----+--------+

Top non-repeatable levels by time:
     D:7: 1469 daAuts
     D:6: 1339 daAuts
     D:5: 1276 daAuts
     D:9: 1195 daAuts
     D:2: 1063 daAuts
     D:4: 1007 daAuts
     D:8: 965 daAuts
     D:1: 937 daAuts
    D:10: 899 daAuts
     D:3: 850 daAuts
    D:11: 468 daAuts
  Temple: 209 daAuts
